 Dungeon Crawl Stone Soup version 0.24.0-13-gcf9b319 (webtiles) character file.

Game seed: 14711419993343154777, levelgen mode: deterministic

40 Bronimir the Vexing (level 3, 0/20 HPs)
             Began as a Kobold Arcane Marksman on Apr 1, 2020.
             Slain by an adder (2 damage)
             ... on level 2 of the Dungeon.
             The game lasted 00:03:22 (1627 turns).

Bronimir the Vexing (Kobold Arcane Marksman)        Turns: 1627, Time: 00:03:23

Health: 0/20       AC:  3    Str:  8    XL:     3   Next: 72%
Magic:  5/5        EV: 15    Int: 14    God:
Gold:   84         SH:  0    Dex: 15    Spells: 2/5 levels left

rFire    . . .     SeeInvis .   b - +0 hand crossbow
rCold    . . .     Gourm    .   (shield restricted)
rNeg     . . .     Faith    .   e - +0 robe
rPois    .         Spirit   .   (no helmet)
rElec    .         Reflect  .   (no cloak)
rCorr    .         Harm     .   p - +0 pair of gloves
MR       .....                  (no boots)
Stlth    +.........             m - amulet of inaccuracy (curse)
HPRegen  0.06/turn              (no ring)
MPRegen  0.09/turn              (no ring)

@: lethally poisoned (0 -> -8)
A: small, carnivore
a: no special abilities


You were on level 2 of the Dungeon.
You were near starving.

You visited 1 branch of the dungeon, and saw 2 of its levels.

You collected 84 gold pieces.

Inventory:

Hand Weapons
 a - a +0 short sword
 b - a +0 hand crossbow (weapon)
 i - a +0 club
Missiles
 k - 24 arrows
 o - 30 stones (quivered)
Armour
 e - a +0 robe (worn)
 g - a +0 ring mail
 p - a +0 pair of gloves (worn)
Jewellery
 m - a cursed amulet of inaccuracy (around neck)
Scrolls
 h - a scroll of identify
 n - a scroll of teleportation {unknown}
 q - a scroll of noise {unknown}
Potions
 c - a potion of lignification
 j - a potion of curing {unknown}
 l - a potion of heal wounds {unknown}
Comestibles
 f - 2 rations


   Skills:
 + Level 1.5 Fighting
 * Level 3.0 Crossbows
 * Level 0.5 Armour
 + Level 2.8 Dodging
 + Level 1.6 Spellcasting
 * Level 3.3 Hexes


You had 2 spell levels left.
You knew the following spells:

 Your Spells              Type           Power        Failure   Level  Hunger
a - Corona                Hex            ##.....      6%          1    ##.....
b - Slow                  Hex            ##......     10%         2    ###....

Your spell library contained the following spells:

 Spells                   Type           Power        Failure   Level  Hunger
 Inner Flame              Hex/Fire       #.......     36%         3    ####...
 Portal Projectile        Hex/Tloc       #.....       36%         3    ####...
 Cause Fear               Hex            ##........   52%         4    #####..
 Leda's Liquefaction      Hex/Erth       #.........   77%         4    #####..


Dungeon Overview and Level Annotations

Branches:
Dungeon (2/15)

Altars:


Innate Abilities, Weirdness & Mutations

You are small and have problems with some larger weapons.
You are carnivorous and can eat meat at any time.


Message History

Aim: an adder (almost dead)
You throw a stone. The stone closely misses the adder.
You feel sick. The adder bites you but does no damage. The adder bites you.
* * * LOW HITPOINT WARNING * * *
You are lethally poisoned!
The adder poisons you!
Throwing (i - inventory)
o - 32 stones (quivered)
Press: ? - help, Shift-Dir - straight line, f/p - adder
Aim: an adder (almost dead)
You throw a stone.
The stone hits the adder but does no damage.
The adder is almost dead.
The adder closely misses you.
Throwing (i - inventory)
o - 31 stones (quivered)
Press: ? - help, Shift-Dir - straight line, f/p - adder
Aim: an adder (almost dead)
You throw a stone. The stone misses the adder.
* * * LOW HITPOINT WARNING * * *
You feel sick. The adder bites you.
You die...

#.#####..........
#...........##...
######.###.#....
#.# #......
########.###.#....
#.................
#.######.###.#.#..
#.# #.###.#.##.
#@# #.##....##.
....(.S.#
#.##.#..##.
.#.######
#.##....<..
#..........
######.####
............
############ # #


You could see an adder.

Vanquished Creatures
  A dart slug (D:2)
  2 leopard geckos
  4 bats (D:1)
  A giant cockroach (D:2)
  8 goblins
  4 hobgoblins (D:1)
  2 jackals (D:2)
  4 kobolds
  A ball python (D:1)
  3 frilled lizards (D:1)
  A rat (D:1)
31 creatures vanquished.

Notes
Turn   | Place    | Note
-------+----------+-------------------------------------------
     0 | D:1      | Bronimir the Kobold Arcane Marksman began the quest for the
                  | Orb.
     0 | D:1      | Reached XP level 1. HP: 12/12 MP: 2/2
   143 | D:1      | Reached XP level 2. HP: 16/16 MP: 3/3
   522 | D:1      | Reached XP level 3. HP: 20/20 MP: 4/4
   549 | D:1      | Learned a level 2 spell: Slow
  1627 | D:2      | Slain by an adder

Levels and vault maps discovered:
D:1:      mainiacjoe_arrival_reflecting_pool, layout_basic,
          minmay_misc_feat_tiny
D:2:      layout_loops_ring, minmay_3d_cube

Skill      XL: |  1  2  3 |
---------------+----------+-----
Crossbows      | 3 |  3.0
Fighting       | |  1.5
Armour         | |  0.5
Dodging        | |  2.8
Spellcasting   | |  1.6
Hexes          | |  3.3

Action                   || total
-------------------------++-------
Melee: Short sword       ||    43
 Fire: Hand crossbow     ||    74
Throw: Stone             ||     6
 Cast: Slow              ||     4
       Corona            ||     2
  Use: Scroll            ||     2
  Eat: Chunk             ||     1
Armor: Robe              ||    20
Dodge: Dodged            ||    75
